 Dungeon Crawl Stone Soup version 0.31.0-11-ge490571c62 (webtiles) character file.

Game seed: 317026779542240758

49 howech the Chopper (level 3, -1/33 HPs)
             Began as a Minotaur Berserker on Feb 4, 2024.
             Was a Follower of Trog.
             Slain by a gnoll
             ... wielding a +0 spear
              (7 damage)
             ... on level 2 of the Dungeon.
             The game lasted 00:01:59 (1044 turns).

howech the Chopper (Minotaur Berserker)             Turns: 1044, Time: 00:02:00

Health: -1/33      AC:  2    Str: 21    XL:     3   Next: 53%
Magic:  2/2        EV: 12    Int:  6    God:    Trog [*.....]
Gold:   112        SH:  0    Dex:  9    Spells: 2/2 levels left

rFire   . . .        a - +0 hand axe
rCold   . . .        (no shield)
rNeg    . . .        b - +0 animal skin
rPois   .            (helmet restricted)
rElec   .            (no cloak)
rCorr   .            (no gloves)
SInv    .            (no boots)
Will    .....        (no amulet)
Stlth   +            (no ring)
HPRegen 0.25/turn    (no ring)
MPRegen 0.08/turn

%: no passive effects
@: lethally poisoned (-1 -> -1)
A: horns 2, retaliatory headbutt
a: Renounce Religion, Berserk


You were on level 2 of the Dungeon.
You worshipped Trog.
Trog was aware of your devotion.
You visited 1 branch of the dungeon, and saw 2 of its levels.

You collected 112 gold pieces.

Inventory:

Hand Weapons
 a - a +0 hand axe (weapon)
Armour
 b - a +0 animal skin (worn)
Scrolls
 g - 3 scrolls of revelation {unknown}
 h - a scroll of enchant armour {unknown}
 i - a scroll of vulnerability {unknown}
 j - a scroll of teleportation {unknown}
 k - a scroll of enchant weapon {unknown}
Potions
 c - a potion of attraction {unknown}
 d - 3 potions of magic {unknown}
 e - a potion of berserk rage {unknown}
 f - 2 potions of lignification {unknown}


   Skills:
 * Level 4.1 Fighting
 * Level 4.1 Axes
 + Level 0.7 Throwing
 + Level 2.7 Armour
 + Level 2.5 Dodging
 + Level 1.0 Shields
 + Level 0.5 Evocations


You had 2 spell levels left.
You didn't know any spells.
Your spell library was empty.

Dungeon Overview and Level Annotations

Branches:
Dungeon (2/15)

Altars:


Innate Abilities, Weirdness & Mutations

You have a pair of horns on your head.
You reflexively headbutt those who attack you in melee.


Message History

Trog accepts your kill.
An adder comes into view.
Your Shields skill increases to level 1!
The adder hisses angrily.
An endoplasm comes into view.
A gnoll comes into view. It is wielding a +0 club.
The gnoll moves out of view.
Found a murky sapphire potion.
The gnoll shouts!
You hear a shout!
A gnoll comes into view. It is wielding a +0 spear.
The gnoll shouts!
The adder barely misses you. The adder bites you.
A goblin comes into view. It is wielding a +0 club.
The gnoll throws a stone.
The stone hits you.
You hit the adder.
The adder is lightly wounded.
The adder closely misses you. The adder bites you.
You are poisoned.
The adder poisons you!
You miss the adder.
The adder is lightly wounded.
You barely miss the endoplasm.
You feel sick. The adder misses you. You furiously retaliate!
You headbutt the adder. The endoplasm hits you.
* * * LOW HITPOINT WARNING * * *
The gnoll throws a stone.
The stone closely misses you.
You hit the adder.
You kill the adder!
Trog accepts your kill.
You hit the endoplasm.
You feel sick.
A rat comes into view.
The endoplasm misses you.
A bat comes into view.
The rat squeaks loudly.
You hit the endoplasm. You headbutt the endoplasm.
You kill the endoplasm!
Trog accepts your kill.
You feel sick.
The gnoll hits you from afar with a +0 spear!
You die...

..P..P .... .......
.... ....P. .... #.
♣gr.♣ ..♣ #.. ♣..g♣
...♣
#..♣♣♣..g♣♣♣...♣♣♣
#.P.........P..!..
#.........@...b...
#.P......†........
###..♣♣♣...♣♣♣...♣♣♣
.... ♣...♣ ...♣
#..♣♣♣.).♣♣♣...♣
#.......)...P....
#.................
###...#####..#####
###># #.#


You could see 2 gnolls, a goblin, a bat and a rat.

Vanquished Creatures
  2 adders (D:2)
  A ball python (D:1)
  3 endoplasms
  A giant cockroach (D:2)
  4 goblins
  3 hobgoblins
  6 jackals
  A kobold (D:1)
  2 quokkas
  2 frilled lizards (D:1)
  4 rats (D:1)
29 creatures vanquished.

Notes
Turn   | Place    | Note
-------+----------+-------------------------------------------
     0 | D:1      | howech the Minotaur Berserker began the quest for the Orb.
     0 | D:1      | Reached XP level 1. HP: 19/19 MP: 0/0
    57 | D:1      | Reached XP level 2. HP: 16/27 MP: 1/1
   907 | D:2      | Reached XP level 3. HP: 21/33 MP: 2/2
  1036 | D:2      | Reached skill level 1 in Shields
  1044 | D:2      | Slain by a gnoll

Illustrated notes

Levels and vault maps discovered:
D:1:      eino_arrival_druids_welcome, layout_basic, minmay_unequal
D:2:      layout_loops_ring, kennysheep_boxes

Skill      XL: |  1  2  3 |
---------------+----------+-----
Axes           | 4 |  4.1
Fighting       | 4 |  4.1
Shields        | 1 |  1.0
Throwing       | |  0.7
Armour         | |  2.7
Dodging        | |  2.5
Evocations     | |  0.5

Action                     || total
---------------------------++-------
  Melee: Hand axe          ||    52
         Headbutt          ||     5
 Armour: Animal skin       ||    46
  Dodge: Dodged            ||    36
